 Dungeon Crawl Stone Soup version 0.27.1-34-g3ba077fa99 (webtiles) character file.

Game seed: 8292526405633068424

6366 Vylera the Arsonist (level 10, 0/67 HPs)
             Began as a Palentonga Fire Elementalist on Jan 2, 2022.
             Was a Believer of Qazlal.
             Slain by a two-headed ogre (24 damage)
             ... on level 8 of the Dungeon.
             The game lasted 00:54:12 (12084 turns).

Vylera the Arsonist (Palentonga Fire Elementalist) Turns: 12084, Time: 00:54:13

Health: 0/67       AC: 20    Str: 12    XL:     10   Next: 65%
Magic:  7/14       EV: 10    Int: 19    God:    Qazlal [**....]
Gold:   360        SH: 10    Dex: 10    Spells: 6/14 levels left

rFire    + . .     SeeInvis +   t - +2 short sword (venom)
rCold    + . .     Faith    .   k - +3 buckler {AC+3}
rNeg     . . .     Spirit   .   z - +2 robe {Will+}
rPois    +         Reflect  .   (no helmet)
rElec    .         Harm     .   H - scarf {rC+ rF+}
rCorr    .         Rampage  .   (no gloves)
Will     +....                  (no barding)
Stlth    +.........             (no amulet)
HPRegen  0.21/turn              o - ring of poison resistance
MPRegen  0.14/turn              p - +4 ring of protection

@: curled up
A: large, rugged brown scales 3, see invisible, deformed body, roll 1, armoured
tail, reflexive curl
a: Rolling Charge, Renounce Religion, Upheaval


You were on level 8 of the Dungeon.
You worshipped Qazlal.
Qazlal was pleased with you.
You visited 1 branch of the dungeon, and saw 9 of its levels.
You also visited: Sewer and Ossuary.

You collected 607 gold pieces.
You spent 247 gold pieces at shops.

Inventory:

Hand Weapons
 c - a +4 flail of draining
 m - a +0 falchion of electrocution
 t - a +2 short sword of venom (weapon)
 J - a +0 war axe
Missiles
 h - 5 throwing nets
 r - 17 poisoned darts
 u - 14 boomerangs
Armour
 k - a +3 buckler of protection (worn)
 y - a scarf of shadows
 z - a +2 robe of willpower (worn)
 H - a scarf of resistance (worn)
 K - a +0 robe
 L - a +0 robe
Jewellery
 o - a ring of poison resistance (left hand)
 p - a +4 ring of protection (right hand)
Wands
 d - a wand of iceblast (19)
 j - a wand of paralysis (9)
Scrolls
 b - 5 scrolls of teleportation
 g - 3 scrolls of enchant weapon
 i - 2 scrolls of enchant armour
 n - a scroll of blinking
 s - 3 scrolls of fog
 v - a scroll of brand weapon
 w - a scroll of vulnerability {unknown}
 x - 2 scrolls of immolation
 E - a scroll of fear {unknown}
 F - 2 scrolls of magic mapping
 I - a scroll of holy word
Potions
 a - a potion of magic
 e - 3 potions of curing
 l - 4 potions of flight
 q - a potion of attraction
 A - a potion of might {unknown}
 B - 2 potions of brilliance
 C - a potion of cancellation {unknown}
 D - a potion of invisibility {unknown}
 G - a potion of mutation {unknown}


   Skills:
 + Level 2.1 Dodging
 - Level 1.2 Stealth
 - Level 5.0 Shields
 + Level 2.6 Spellcasting
 + Level 7.2 Conjurations
 * Level 9.8 Fire Magic
 + Level 5.8 Invocations


You had 6 spell levels left.
You knew the following spells:

 Your Spells              Type           Power      Damage    Failure   Level
a - Foxfire               Conj/Fire      100%       2x1d9     1%          1
b - Magic Dart            Conj           100%       1d8       1%          1
c - Searing Ray           Conj           60%        3d5       1%          2
d - Sticky Flame          Conj/Fire      35%        2d5       4%          4

Your spell library contained the following spells:

 Spells                   Type           Power      Damage    Failure   Level
 Conjure Flame            Conj/Fire      35%        6-21      1%          3
 Inner Flame              Hex/Fire       21%        N/A       6%          3
 Fireball                 Conj/Fire      17%        3d9       13%         5
 Apportation              Tloc           4%         N/A       16%         1
 Summon Small Mammal      Summ           8%         N/A       16%         1
 Fulminant Prism          Conj/Hex       8%         3d7       34%         4
 Call Canine Familiar     Summ           2%         N/A       43%         3
 Summon Guardian Golem    Hex/Summ       2%         N/A       43%         3
 Alistair's Intoxication  Tmut/Pois      1%         N/A       99%         5
 Invisibility             Hex            1%         N/A       100%        6


Dungeon Overview and Level Annotations

Branches:
Dungeon (9/15)             Temple (0/1) D:5           Sewer (visited)
Ossuary (visited)
   Lair: D:8-11         Orc: D:9-12

Altars:
Ashenzari
Elyvilon
Makhleb
Qazlal
Yredelemnul
The Shining One

Shops:
D:3 :[   D:4 **


Innate Abilities, Weirdness & Mutations

You are completely covered in rugged brown scales. (AC +3, +7% HP)
You have supernaturally acute eyesight. (SInv)
Armour fits poorly on your strangely shaped body.
You can roll at nearby foes to attack.
You have a long armoured tail.
You curl defensively after being hit.


Message History

The two-headed ogre hits you with a +0 giant spiked club.
You hit the two-headed ogre but do no damage.
The two-headed ogre is poisoned.
Your tail-slap misses the two-headed ogre.
The two-headed ogre is lightly wounded.
The two-headed ogre burns!
You block the two-headed ogre's attack. x2
You hit the two-headed ogre.
The two-headed ogre looks as sick as possible!
Your tail-slap misses the two-headed ogre.
The two-headed ogre is moderately wounded.
The two-headed ogre burns!
The two-headed ogre barely misses you. You block the two-headed ogre's attack.
You barely miss the two-headed ogre.
The two-headed ogre is moderately wounded.
The two-headed ogre burns!
A killer bee comes into view.
The two-headed ogre hits you with a +0 giant club!
The two-headed ogre barely misses you.
The killer bee buzzes angrily.
You hit the two-headed ogre.
The two-headed ogre looks as sick as possible!
The two-headed ogre is heavily wounded.
You hear an angry buzzing noise.
The two-headed ogre burns!
The two-headed ogre stops burning.
The two-headed ogre hits you with a +0 giant club.
The two-headed ogre hits you with a +0 giant spiked club.
You climb upwards.
There is a stone staircase leading down here.
There is an open door here.
Casting: Sticky Flame (dangerous; 4% risk of failure)
Confirm with . or Enter, or press ? or * to list all spells.
Aiming: Sticky Flame (dangerous; 4% risk of failure)
Press: ? - help, Shift-Dir - straight line, f - two-headed ogre
Aim: a two-headed ogre, wielding a +0 giant club and a +0 giant spiked club (severely wounded, very poisoned, 100% to hit)
The sticky flame hits the two-headed ogre!
The two-headed ogre is severely wounded.
The two-headed ogre is covered in liquid flames!
The two-headed ogre burns!
The two-headed ogre hits you with a +0 giant club!!
You die...

##########......#...+.
#......#...#.
#......+...#.
#......#...#.
#########......#...#.
#...#.....######...##
#...#.....#........#.
#...#.....#........#.
#..O@.....#........#.
#...#.....#........#.
######.....#..###..###
#.........##..####+###
#.........#.[.......+.
#.........'.........#.
#.........#.........#.
#.........############
##########........###.


You could see a two-headed ogre (burning, very poisoned).

Vanquished Creatures
  Harold (D:8)
  A boulder beetle (D:8)
  Pikel (D:5)
  A wyvern (D:8)
  Sigmund (D:2)
  8 yaks (D:8)
  A steam dragon (D:9)
  Menkaure (D:4)
  3 water moccasins
  3 orc warriors (D:8)
  3 black bears
  A sky beast (D:6)
  A necrophage (D:6)
  2 ogres
  2 lemures (D:5)
  A bullfrog (D:8)
  Blork the orc (D:5)
  2 scorpions
  A wyvern zombie (D:8)
  5 wights
  A howler monkey (D:8)
  A bullfrog zombie (D:5)
  4 centaur zombies
  3 orc priests
  3 hounds
  A human zombie (Ossuary)
  3 centaur skeletons
  2 bullfrog skeletons (D:5)
  2 iguanas
  4 orc wizards (D:8)
  A merfolk siren (Sewer)
  A merfolk avatar (Sewer)
  2 hound zombies
  A hound skeleton (D:5)
  A howler monkey zombie (D:4)
  A howler monkey skeleton (D:7)
  3 mummies (Ossuary)
  8 adders
  A river rat (Sewer)
  4 shadow imps
  An ufetubus (D:5)
  2 worms
  The ghost of comborobin the Sneak, a weakling DgDe (D:4)
  4 dart slugs
  16 orcs
  14 ball pythons
  8 endoplasms
  4 giant cockroaches
  A gnoll zombie (Ossuary)
  8 goblins
  10 hobgoblins
  8 jackals
  2 quokkas
  5 bats
  10 frilled lizards
  A hobgoblin zombie (Ossuary)
  6 kobolds
  A kobold zombie (Ossuary)
  3 orc zombies (Ossuary)
  26 rats
218 creatures vanquished.

Vanquished Creatures (collateral kills)
  A foxfire (D:4)
1 creature vanquished.

Vanquished Creatures (others)
  283 foxfires
283 creatures vanquished.

Grand Total: 502 creatures vanquished

Notes
Turn   | Place    | Note
-------+----------+-------------------------------------------
     0 | D:1      | Vylera the Palentonga Fire Elementalist began the quest for
                  | the Orb.
     0 | D:1      | Reached XP level 1. HP: 13/13 MP: 3/3
     2 | D:1      | Noticed a vampire
     2 | D:1      | Noticed a gargoyle
     4 | D:1      | Noticed a vine stalker
     4 | D:1      | Noticed a human
     6 | D:1      | Noticed a barachi
     6 | D:1      | Noticed a dwarf
     8 | D:1      | Noticed a demigod
     8 | D:1      | Noticed a formicid
    10 | D:1      | Noticed a naga
    12 | D:1      | Noticed a tengu
    12 | D:1      | Noticed a palentonga
    14 | D:1      | Noticed a merfolk
    14 | D:1      | Noticed a ghoul
    16 | D:1      | Noticed an elf
    16 | D:1      | Noticed a troll
    18 | D:1      | Noticed an ogre
    20 | D:1      | Noticed a minotaur
    20 | D:1      | Noticed a spriggan
    22 | D:1      | Noticed a felid
    24 | D:1      | Noticed a demonspawn
    24 | D:1      | Noticed an octopode
    26 | D:1      | Noticed a djinni
    26 | D:1      | Noticed a draconian
    66 | D:1      | Reached skill level 1 in Conjurations
   202 | D:1      | Learned a level 1 spell: Magic Dart
   214 | D:1      | Reached XP level 2. HP: 19/20 MP: 0/5
   379 | D:1      | Reached skill level 3 in Fire Magic
  1337 | D:1      | You fall into a shaft and drop 1 floor!
  1340 | D:2      | Reached XP level 3. HP: 25/25 MP: 3/6
  1437 | D:2      | Noticed Sigmund
  1466 | D:2      | Killed Sigmund
  1467 | D:2      | Reached skill level 4 in Fire Magic
  1467 | D:2      | Reached XP level 4. HP: 22/32 MP: 0/7
  1467 | D:2      | Reached XP level 5. HP: 26/37 MP: 0/8
  1472 | D:2      | Learned a level 2 spell: Searing Ray
  2569 | D:3      | Found Dehaafouhe's Armour Shoppe.
  2574 | D:3      | Found Qena's Book Boutique.
  2602 | D:3      | Found a glowing drain.
  2672 | Sewer    | Entered a sewer
  2911 | Sewer    | Reached XP level 6. HP: 43/43 MP: 4/9
  3259 | Sewer    | Reached skill level 5 in Fire Magic
  4010 | D:4      | Learned a level 4 spell: Sticky Flame
  4053 | D:4      | Found a stormy altar of Qazlal.
  4061 | D:4      | Became a worshipper of Qazlal Stormbringer
  4299 | D:4      | Reached skill level 1 in Shields
  4299 | D:4      | Gained mutation: You curl defensively after being hit.
                  | [Palentonga growth]
  4299 | D:4      | Reached XP level 7. HP: 49/49 MP: 5/10
  4348 | D:4      | Found a runed translucent gate.
  4348 | D:4      | Found a runed translucent gate.
  4348 | D:4      | Found a runed translucent gate.
  4348 | D:4      | Noticed comborobin's ghost (weakling DgDe)
  4351 | D:4      | Found a basalt altar of Yredelemnul.
  4540 | D:4      | Found a white marble altar of Elyvilon.
  4570 | D:3      | Bought a scarf of shadows for 120 gold pieces
  4570 | D:3      | Bought a +1 robe of willpower for 127 gold pieces
  4650 | D:4      | Found a glowing golden altar of the Shining One.
  4838 | D:4      | Found Zippuikh's Specific Store.
  4841 | D:4      | Found Iggubeng's General Store.
  5000 | D:4      | You fall into a shaft and drop 2 floors!
  5038 | D:6      | Found a sand-covered staircase.
  5043 | Ossuary  | Entered an ossuary
  5548 | D:5      | Entered Level 5 of the Dungeon
  5553 | D:5      | Reached skill level 6 in Fire Magic
  5722 | D:4      | Noticed Menkaure
  5728 | D:4      | Killed Menkaure
  5929 | D:4      | Killed comborobin's ghost
  6102 | D:5      | Reached * piety under Qazlal
  6108 | D:5      | Noticed Pikel
  6218 | D:5      | Killed Pikel
  6219 | D:5      | Reached skill level 7 in Fire Magic
  6219 | D:5      | Reached XP level 8. HP: 34/55 MP: 8/11
  6385 | D:5      | Reached skill level 5 in Conjurations
  6669 | D:5      | Noticed Blork the orc
  6684 | D:5      | Killed Blork the orc
  6685 | D:5      | Reached skill level 1 in Invocations
  7201 | D:5      | Found a staircase to the Ecumenical Temple.
  7675 | D:6      | Reached XP level 9. HP: 57/60 MP: 6/12
  8464 | D:6      | Found a broken altar of Ashenzari.
  8522 | D:6      | Reached skill level 8 in Fire Magic
 10172 | D:8      | Found a burning altar of Makhleb.
 10391 | D:8      | Noticed Harold
 10440 | D:8      | Killed Harold
 10441 | D:8      | Reached skill level 5 in Shields
 10441 | D:8      | Reached skill level 9 in Fire Magic
 10441 | D:8      | Reached XP level 10. HP: 34/67 MP: 5/13
 11201 | D:8      | Reached skill level 5 in Invocations
 11446 | D:8      | Reached ** piety under Qazlal
 11814 | D:9      | Noticed a boulder beetle
 11822 | D:9      | Noticed a fire dragon
 11837 | D:8      | Killed a boulder beetle
 11995 | D:9      | Noticed a two-headed ogre
 12084 | D:8      | Slain by a two-headed ogre

Illustrated notes

Levels and vault maps discovered:
D:1:      kb_arrival_jail, layout_basic, chequers_avenue
D:2:      layout_loops_corners, minmay_lizard_pond, uniq_sigmund
D:3:      minmay_recursive_quarters, layout_rooms, gup_sewer_entry_glass,
          serial_shops, nicolae_shop_statue_plus, shop, mrwooster_statue_mirror
D:4:      layout_basic, elyvilon_altar_1, lemuel_crystal_altar,
          nicolae_yredelemnul_ghost_church, tso_oasis_becter,
          nicolae_specific_store, uniq_menkaure
D:5:      layout_basic, minmay_temple_entry_statues_pillars,
          kennysheep_generic_room_8, uniq_blork_the_orc, uniq_pikel
D:6:      layout_basic, nicolae_ashenzari_panopticon,
          nicolae_ossuary_entry_false_entrances
D:7:      layout_basic
D:8:      layout_gridville, bloody_makhleb, uniq_harold
D:9:      minmay_the_grid_four_pointed_star_mashed
          [minmay_the_grid_triangle_9x9_alien,
          minmay_the_grid_triangle_9x9_sprig,
          minmay_the_grid_triangle_9x9_longest,
          minmay_the_grid_triangle_9x9_swiss_cheese,
          minmay_the_grid_prize_four_corners], layout_small_grid,
          mainiacjoe_overflow_boulevard, trog_butcher_becter,
          grunt_temple_overflow_open

Skill      XL: |  1  2  3  4  5  6  7  8  9 10 |
---------------+-------------------------------+-----
Conjurations   | 1 2 3 4 5 6 7 |  7.2
Fire Magic     | 3 4 5 7 9 |  9.8
Shields        | 1 3 5 |  5.0
Invocations    | 1 4 5 |  5.8
Dodging        | 2 |  2.1
Stealth        | |  1.2
Spellcasting   | |  2.6

Action                   |  1- 3 |  4- 6 |  7- 9 | 10-12 || total
-------------------------+-------+-------+-------+-------++-------
Melee: Club              |    24 |       |       |       ||    24
       Tailslap          |     3 |     1 |    23 |     6 ||    33
       Unarmed           |     1 |       |       |       ||     1
       Short sword       |     3 |    28 |   162 |    87 ||   280
       Falchion          |       |    23 |       |       ||    23
 Cast: Foxfire           |    41 |   112 |    29 |     3 ||   185
       Magic Dart        |     4 |       |    11 |     3 ||    18
       Searing Ray       |       |     3 |    34 |     1 ||    38
       Sticky Flame      |       |       |    16 |    17 ||    33
 Abil: Rolling Charge    |       |       |     1 |     3 ||     4
  Use: Potion            |       |       |     3 |     1 ||     4
       Scroll            |       |       |    15 |     1 ||    16
 Stab: Sleeping          |       |     2 |     1 |       ||     3
Armor: Robe              |    19 |    20 |    99 |    29 ||   167
Dodge: Dodged            |    19 |    39 |   104 |    21 ||   183
Block: Buckler           |       |       |    73 |    49 ||   122
       Rpst.: Falchion   |       |     5 |       |       ||     5
